 Dungeon Crawl Stone Soup version 0.31.0-32-g396128a36d (webtiles) character file.

Game seed: 5399300500375249503

118 Tyszek the Poker (level 4, -1/39 HPs)
             Began as a Minotaur Monk on Mar 27, 2024.
             Killed from afar by Robin (8 damage)
             ... with a puff of flame
             ... on level 3 of the Dungeon.
             The game lasted 00:01:20 (1280 turns).

Tyszek the Poker (Minotaur Monk)                    Turns: 1280, Time: 00:01:21

Health: -1/39      AC:  6    Str: 17    XL:     4   Next: 72%
Magic:  3/3        EV: 11    Int:  7    God:
Gold:   154        SH:  0    Dex: 13    Spells: 3/3 levels left

rFire   . . .        a - +0 spear
rCold   . . .        d - orb {light}
rNeg    + . .        f - +1 ring mail {rN+}
rPois   .            (helmet restricted)
rElec   .            (no cloak)
rCorr   .            (no gloves)
SInv    .            (no boots)
Will    .....        (no amulet)
Stlth   +            (no ring)
HPRegen 0.26/turn    (no ring)
MPRegen 0.08/turn

%: no passive effects
@: glowing
A: horns 2, retaliatory headbutt
a: no special abilities


You were on level 3 of the Dungeon.
You visited 1 branch of the dungeon, and saw 3 of its levels.

You collected 154 gold pieces.

Inventory:

Hand Weapons
 a - a +0 spear (weapon)
Armour
 b - a +0 robe
 d - an orb of light (worn)
 f - a +1 ring mail of positive energy (worn)
Scrolls
 e - 5 scrolls of identify {unknown}
 g - 3 scrolls of teleportation {unknown}
 i - a scroll of noise {unknown}
 j - a scroll of blinking {unknown}
 k - a scroll of enchant armour {unknown}
 m - a scroll of revelation {unknown}
Potions
 c - a potion of ambrosia
 h - a potion of invisibility {unknown}
 l - 2 potions of enlightenment {unknown}


   Skills:
 - Level 3.6 Fighting
 * Level 6.7 Polearms
 - Level 3.2 Dodging


You had 3 spell levels left.
You didn't know any spells.
Your spell library contained the following spells:

 Spells                   Type           Power      Damage    Failure   Level
 Sting                    Conj/Alch      0%         1d3       65%         1
 Ensorcelled Hibernation  Hex/Ice        0%         N/A       78%         2
 Mercury Vapours          Alch/Air       0%         N/A       78%         2
 Passwall                 Erth           0%         N/A       95%         3
 Swiftness                Air            0%         N/A       95%         3
 Olgreb's Toxic Radiance  Alch           0%         N/A       100%        4


Dungeon Overview and Level Annotations

Branches:
Dungeon (3/15)

Altars:

Annotations:
D:3 Robin


Innate Abilities, Weirdness & Mutations

You have a pair of horns on your head.
You reflexively headbutt those who attack you in melee.


Message History

The goblin hits you with a +0 club. x2; Robin throws the goblin at you!
You hit the goblin but do no damage. The goblin hits you but does no damage.
You hit the goblin. Your headbutt misses the goblin.
The goblin is severely wounded.
The goblin hits you with a +0 club.
Robin roars a battlecry!
The goblins go into a battle-frenzy!
The goblin hits you but does no damage.
You puncture the goblin!
You kill the goblin!
The goblin closely misses you. You furiously retaliate!
You headbutt the goblin.
You kill the goblin!
Robin zaps a wand.
The puff of flame hits you!
You barely miss Robin.
The hobgoblin no longer looks unusually strong.
The hobgoblin closely misses you. You furiously retaliate!
You headbutt the hobgoblin!
You kill the hobgoblin!
The hobgoblin barely misses you. Robin throws the goblin at you!
You hit Robin but do no damage. The goblin barely misses you.
You furiously retaliate!
You headbutt the goblin, but do no damage.
You hit Robin.
Robin is moderately wounded.
The hobgoblin hits you.
* * * LOW HITPOINT WARNING * * *
Robin zaps a wand.
The puff of flame misses you. The goblin hits you but does no damage.
You hit Robin.
Robin is moderately wounded.
The hobgoblin hits you.
* * * LOW HITPOINT WARNING * * *
Robin hits you but does no damage.
You hit Robin. Your headbutt misses Robin.
Robin is moderately wounded.
The goblin hits you but does no damage. The hobgoblin barely misses you.
Robin zaps a wand.
The puff of flame hits you!
You die...
Robin says, "And that's why I'm the boss."

###.....)## #...8.8...#
#....⌠..))# #......(..#
#.........# #.........#
####.###)## #...# #gg# ♣
### #.#####@†# .♣♣ #.#
#.# #.)g# ♣♣.♣♣ #.# #.#
#...# ♣...♣♣ #.### ##.##
#...# ♣....♣ #.... #.).#
##..# #....# ###..
#...####..###+..+####..).
#.....................##.
#...###.......#.).######.
#...# #.......##### #..


You could see Robin, a hobgoblin and a goblin (strong).

Vanquished Creatures
  Jessica (D:3)
  3 adders (D:2)
  3 dart slugs
  A ribbon worm (D:2)
  An orc (D:3)
  A ball python (D:1)
  3 bats
  7 endoplasms
  2 giant cockroaches
  4 hobgoblins
  3 jackals (D:2)
  A quokka (D:1)
  2 frilled lizards
  9 goblins
  7 kobolds
  3 rats (D:2)
51 creatures vanquished.

Notes
Turn   | Place    | Note
-------+----------+-------------------------------------------
     0 | D:1      | Tyszek the Minotaur Monk began the quest for the Orb.
     0 | D:1      | Reached XP level 1. HP: 19/19 MP: 0/0
    72 | D:1      | Reached skill level 4 in Polearms
   130 | D:1      | Reached XP level 2. HP: 25/26 MP: 1/1
   144 | D:1      | Found a faded altar of an unknown god.
   551 | D:2      | Reached skill level 5 in Polearms
   560 | D:2      | Reached XP level 3. HP: 30/31 MP: 2/2
  1003 | D:2      | Reached skill level 6 in Polearms
  1003 | D:2      | Reached XP level 4. HP: 39/39 MP: 3/3
  1085 | D:3      | Noticed Jessica
  1097 | D:3      | Killed Jessica
  1220 | D:3      | Identified the +7 quarterstaff of Strategic Superiority
                  | {drain, rC- rN+ Str+4}
  1254 | D:3      | Noticed Robin
  1280 | D:3      | Killed from afar by Robin

Illustrated notes

Levels and vault maps discovered:
D:1:      zaba_arrival_water, layout_basic, basic_ecumenical_altar
D:2:      minmay_door_path, layout_rooms
D:3:      layout_rooms, jmf_multi_god_temple2, hangedman_feature_mirror,
          uniq_robin, uniq_crazy_yiuf_cottage, uniq_jessica

Skill      XL: |  1  2  3 |
---------------+----------+-----
Polearms       | 4 5 6 |  6.7
Fighting       | |  3.6
Dodging        | |  3.2

Action                     |  1- 3 |  4- 6 || total
---------------------------+-------+-------++-------
  Melee: Spear             |    94 |    33 ||   127
         Headbutt          |    13 |     5 ||    18
 Armour: Robe              |    11 |       ||    11
         Ring mail         |    18 |    29 ||    47
  Dodge: Dodged            |    30 |    12 ||    42
